 Dungeon Crawl Stone Soup version 0.28.0-45-g0d030f2227 (webtiles) character file.

Game seed: 17272098807222898722

70 Iusername the Slasher (level 4, -8/40 HPs)
             Began as a Minotaur Monk on Apr 4, 2022.
             Mangled by a gnoll
             ... wielding a +1 whip of electrocution
              (18 damage)
             ... on level 2 of the Dungeon.
             The game lasted 00:03:49 (2572 turns).

Iusername the Slasher (Minotaur Monk)               Turns: 2572, Time: 00:03:53

Health: -8/40      AC:  3    Str: 15    XL:     4   Next: 3%
Magic:  3/3        EV: 13    Int:  9    God:
Gold:   43         SH:  0    Dex: 13    Spells: 3/3 levels left

rFire   . . .      SeeInvis .   a - +0 falchion
rCold   . . .      Faith    .   (no shield)
rNeg    . . .      Spirit   .   b - +0 robe
rPois   .          Reflect  .   (helmet restricted)
rElec   .          Harm     .   (no cloak)
rCorr   .          Rampage  .   f - +0 pair of gloves
Will    .....                   (no boots)
Stlth   ++........              (no amulet)
HPRegen 0.13/turn               (no ring)
MPRegen 0.08/turn               (no ring)

@: no status effects
A: horns 2, retaliatory headbutt
a: no special abilities


You were on level 2 of the Dungeon.
You visited 1 branch of the dungeon, and saw 2 of its levels.

You collected 43 gold pieces.

Inventory:

Hand Weapons
 a - a +0 falchion (weapon)
Armour
 b - a +0 robe (worn)
 f - a +0 pair of gloves (worn)
Scrolls
 c - a scroll of teleportation {unknown}
 d - a scroll of silence {unknown}
 e - 3 scrolls of identify {unknown}
 j - a scroll of fear {unknown}
Potions
 g - 3 potions of heal wounds
 h - a potion of mutation {unknown}
 i - a potion of degeneration {unknown}
 k - a potion of magic {unknown}
 l - a potion of haste {unknown}


   Skills:
 + Level 4.1 Fighting
 + Level 4.7 Long Blades
 + Level 4.2 Dodging
 + Level 1.8 Stealth


You had 3 spell levels left.
You didn't know any spells.
Your spell library was empty.

Dungeon Overview and Level Annotations

Branches:
Dungeon (2/15)

Altars:


Innate Abilities, Weirdness & Mutations

You have a pair of horns on your head.
You reflexively headbutt those who attack you in melee.


Message History

You have reached level 4!
You feel agile.
Things that are here:
a +0 short sword; 5 stones; a kobold corpse HP restored.
A hobgoblin comes into view.
You hit the hobgoblin but do no damage. You headbutt the hobgoblin.
You kill the hobgoblin!
A kobold and 2 gnolls come into view.
A gnoll is wielding a +1 whip of electrocution.
Unknown command.
The kobold shouts!
The gnoll shouts!
It was a potion of heal wounds.
You feel much better.
The gnoll shouts!
You hear a shout!
A hobgoblin and a gnoll come into view.
Found a club.
The hobgoblin shouts!
The gnoll shouts!
The gnoll closely misses you. The gnoll misses you.
The gnoll hits you with a +1 whip of electrocution.
You barely miss the gnoll. You headbutt the gnoll.
The gnoll is lightly wounded.
The gnoll misses you.
Found a club.
The hobgoblin hits you. The gnoll closely misses you.
The gnoll hits you with a +0 halberd!
The gnoll hits you with a +1 whip of electrocution.
You slash the gnoll! Your headbutt misses the gnoll.
The gnoll is severely wounded.
The hobgoblin barely misses you. The gnoll closely misses you.
You furiously retaliate!
You headbutt the gnoll. The gnoll hits you with a +0 halberd!
The gnoll barely misses you. The kobold closely misses you.
You hit the kobold.
You kill the kobold!
The hobgoblin hits you but does no damage.
The gnoll barely misses you. The gnoll misses you.
The gnoll hits you with a +1 whip of electrocution.
* * * LOW HITPOINT WARNING * * *
You are electrocuted!!
You die...

### #.. ..# #.# #.# .
#### #.# #.#
).#...#####.######.#
.................#.####
...)...#.##.# #.......#
## .......g..#.#
##.#.##.# .#
#...g@)...####.#.##.#
.#
#####gg.#........##.#
.# ##.############.# †#
#.# #.# .# #.# #.# .#
#'# #.# .# ... #.# .#
... #.## .# #..#


You could see 3 gnolls and a hobgoblin.

Vanquished Creatures
  2 adders (D:2)
  A worm (D:2)
  2 dart slugs
  3 bats
  3 endoplasms (D:1)
  2 giant cockroaches (D:1)
  5 goblins
  3 hobgoblins
  7 kobolds
  5 quokkas
  4 ball pythons
  A frilled lizard (D:1)
  5 rats (D:1)
43 creatures vanquished.

Notes
Turn   | Place    | Note
-------+----------+-------------------------------------------
     0 | D:1      | Iusername the Minotaur Monk began the quest for the Orb.
     0 | D:1      | Reached XP level 1. HP: 19/19 MP: 0/0
    99 | D:1      | Reached XP level 2. HP: 25/27 MP: 1/1
   858 | D:1      | Reached XP level 3. HP: 27/33 MP: 2/2
  1057 | D:2      | Found a faded altar of an unknown god.
  2438 | D:2      | Reached XP level 4. HP: 37/40 MP: 3/3
  2572 | D:2      | Mangled by a gnoll

Illustrated notes

Levels and vault maps discovered:
D:1:      giann_forest_graveyard, layout_basic, minmay_tetromino_o4
D:2:      layout_loops_corners, nicolae_ecumenical_pavilion

Skill      XL: |  1  2  3 |
---------------+----------+-----
Long Blades    | 4 |  4.7
Fighting       | 4 |  4.1
Dodging        | 4 |  4.2
Stealth        | |  1.8

Action                   |  1- 3 |  4- 6 || total
-------------------------+-------+-------++-------
Melee: Falchion          |    76 |     4 ||    80
       Headbutt          |     9 |     2 ||    11
       Punch             |     2 |       ||     2
  Use: Potion            |     2 |     1 ||     3
 Stab: Sleeping          |     5 |       ||     5
Armor: Robe              |    17 |     1 ||    18
Dodge: Dodged            |    80 |    10 ||    90
